[Event "fics rated crazyhouse match"]
[Site "fics, Oklahoma City, OK USA"]
[Date "2000.03.11"]
[White "venomous"]
[WhiteElo "2439"]
[Black "spurs"]
[BlackElo "2330"]
[TimeControl "60+0"]
[Result "1-0"]

1. e4 e6 2. d4 d5 3. e5 Ne7 4. Nh3 Nbc6 5. Be2 Ng6 6. Be3 
Be7 7. Nc3 Nh4 8. Rg1 Bd7 9. Nf4 Bg5 10. Nh5 Rg8 11. Bxg5 Qxg5 
12. B@g3 Nf5 13. f4 Qd8 14. Bf2 B@e3 15. Bg4 Bxf2+ 16. Kxf2 B@e3+ 17. Kf1 
Qh4 18. B@g3 Nxg3+ 19. hxg3 Qh2 20. N@f3 Qxh5 21. Bxh5 Bxd4 22. Nxd4 N@e3+ 
23. Ke2 Nxd4+ 24. Qxd4 Nxc2 25. Qc5 N@d4+ 26. Kd2 B@e3+ 27. Kd1 P@e2+ 28. Nxe2 
O-O-O 29. Q@a8# 
{spurs checkmated} 1-0

[Event "fics rated crazyhouse match"]
[Site "fics, Oklahoma City, OK USA"]
[Date "2000.03.11"]
[White "spurs"]
[WhiteElo "2324"]
[Black "venomous"]
[BlackElo "2445"]
[TimeControl "60+0"]
[Result "1-0"]

1. d4 e6 2. Nf3 Nc6 3. e4 Nf6 4. Bg5 Be7 5. Nbd2 d6 6. Bb5 
O-O 7. Bxc6 bxc6 8. e5 Nd5 9. Bxe7 Qxe7 10. B@h4 f6 11. exf6 gxf6 
12. P@e5 P@g7 13. N@h5 B@g4 14. exf6 gxf6 15. Nxf6+ Nxf6 16. P@e5 P@g7 17. exf6 
Rxf6 18. Bxf6 Qxf6 19. P@e5 Qf8 20. exd6 N@f4 21. Rg1 cxd6 22. N@g5 P@e2 
23. Qxe2 Nxe2 24. P@f7+ Qxf7 25. Nxf7 Nxd4 26. R@h8+ Kxf7 27. Q@e8+ Kf6 28. P@g5+ 
Kf5 29. Qf7+ P@f6 30. Nxd4+ Ke5 31. N2f3+ Kd5 32. c4+ Kxc4 33. Rc1+ Kd5 
34. N@b4+ Ke4 35. Qxe6+ Bcxe6 36. P@d3+ Kf4 37. g3# 
{venomous checkmated} 1-0

[Event "fics rated crazyhouse match"]
[Site "fics, Oklahoma City, OK USA"]
[Date "2000.03.11"]
[White "venomous"]
[WhiteElo "2434"]
[Black "spurs"]
[BlackElo "2335"]
[TimeControl "60+0"]
[Result "1-0"]

1. e4 e6 2. d4 d5 3. e5 Bb4+ 4. Bd2 Bxd2+ 5. Nxd2 Ne7 6. Nh3 
Nf5 7. Bb5+ Nc6 8. B@e3 Bd7 9. O-O Nce7 10. Bxd7+ Qxd7 11. B@a3 Ng6 
12. Nf4 Nxf4 13. Bxf4 N@h4 14. Be3 Nxg2 15. Kxg2 Nh4+ 16. Kg1 P@g2 17. Re1 
B@e7 18. Bxe7 Qxe7 19. B@g5 Nf5 20. Bxe7 Nxe7 21. N@f4 Nf5 22. Nxg2 B@h3 
23. Nf4 B@g4 24. P@f3 Bxf3 25. Nxf3 B@g4 26. Nxh3 Bxh3 27. N@f4 Bg4 28. B@a4+ 
P@c6 29. B@g2 N@h4 30. Nxh4 Bxd1 31. Nxf5 exf5 32. Raxd1 N@h4 33. B@g5 Ng6 
34. Nxg6 Q@d7 35. Nxh8 Kf8 36. Nxf7 Kxf7 37. e6+ Qxe6 38. N@e5+ Qxe5 39. dxe5 
Kg8 40. P@f7+ Kxf7 41. Q@e7+ Kg6 42. R@h6+ gxh6 43. Q@f7# 
{spurs checkmated} 1-0

[Event "fics rated crazyhouse match"]
[Site "fics, Oklahoma City, OK USA"]
[Date "2000.03.11"]
[White "spurs"]
[WhiteElo "2329"]
[Black "venomous"]
[BlackElo "2440"]
[TimeControl "60+0"]
[Result "1-0"]

1. d4 e6 2. Nf3 Nc6 3. e4 d5 4. Bg5 Be7 5. Bxe7 Qxe7 6. e5 
B@h5 7. B@h4 f6 8. exf6 Nxf6 9. Bxf6 gxf6 10. Bb5 B@e4 11. P@e5 P@g7 
12. Bxc6+ bxc6 13. exf6 gxf6 14. P@e5 P@g7 15. exf6 gxf6 16. P@e5 P@g7 17. exf6 
gxf6 18. P@e5 fxe5 19. dxe5 Bexf3 20. gxf3 N@g2+ 21. Kd2 B@f4+ 22. P@e3 Bxe5 
23. Kc1 Rg8 24. B@c3 Bxc3 25. Nxc3 B@f6 26. B@d4 P@e5 27. N@h6 Rg6 28. N@g8 
Qg7 29. Nxf6+ Qxf6 30. Bxe5 Qxe5 31. B@d4 Qxd4 32. Qxd4 Rxh6 33. Qh8+ B@f8 
34. P@g7 P@d2+ 35. Kb1 B@b4 36. gxf8=Q+ Bxf8 37. B@g7 N@g6 38. Bxf8 Nxf8 39. Qxf8+ 
Kxf8 40. Q@h8+ B@g8 41. B@g7+ Ke7 42. Bxh6 N@a3+ 43. bxa3 Rb8+ 44. N@b4 Q@e1+ 
45. N@d1 Rxb4+ 46. axb4 N@a3+ 47. Kb2 Nc4+ 48. Kb3 P@a4+ 49. Kxa4 P@b5+ 50. Kb3 
Na5+ 51. bxa5 c5 52. P@f6+ Kd6 53. N@e8+ Kc6 54. R@a6+ Kb7 55. R@b6# 
{venomous forfeits on time} 1-0

[Event "fics rated crazyhouse match"]
[Site "fics, Oklahoma City, OK USA"]
[Date "2000.03.11"]
[White "Thufir"]
[WhiteElo "2413"]
[Black "venomous"]
[BlackElo "2430"]
[TimeControl "60+0"]
[Result "0-1"]

1. e4 e6 2. Nc3 Nc6 3. d4 Bb4 4. Nf3 Nf6 5. e5 Ne4 6. Bd3 
Nxc3 7. bxc3 Bxc3+ 8. Bd2 Bxd2+ 9. Qxd2 B@h5 10. B@g5 P@e7 11. N@h4 Bxf3 
12. Nxf3 N@b2 13. O-O Nxd3 14. Qxd3 B@g6 15. Qd2 N@e4 16. Qf4 Nxg5 17. Nxg5 
B@h6 18. B@h4 Bxg5 19. Bxg5 N@e2+ 20. Kh1 Nxf4 21. Bxf4 Nxd4 22. B@b3 Nxb3 
23. cxb3 B@e4 24. f3 Bd5 25. N@e3 d6 26. exd6 exd6 27. P@h6 P@h3 28. hxg7 
Rg8 29. P@g5 P@e7 30. gxh3 Q@d4 31. P@g2 Qxf4 32. Nxd5 exd5 33. B@g3 Qxg5 
34. N@d4 B@f6 35. Ne2 Bxa1 36. Bf4 Qf6 37. Rxa1 Qxa1+ 38. B@g1 N@f2# 
{Thufir checkmated} 0-1

[Event "fics rated crazyhouse match"]
[Site "fics, Oklahoma City, OK USA"]
[Date "2000.03.11"]
[White "venomous"]
[WhiteElo "2438"]
[Black "Thufir"]
[BlackElo "2405"]
[TimeControl "60+0"]
[Result "0-1"]

1. e4 e6 2. d4 Nc6 3. Be3 Nf6 4. Bd3 Be7 5. Nc3 d6 6. Nf3 
O-O 7. O-O Ng4 8. Qe2 e5 9. d5 Nb4 10. Rae1 Nxd3 11. cxd3 B@h5 
12. N@g3 Nxe3 13. Nxh5 Nxf1 14. Rxf1 B@g4 15. Nxg7 Kxg7 16. N@f5+ Bcxf5 17. exf5 
N@f4 18. Qe3 Bxf3 19. Qxf3 N@h4 20. P@h6+ Kxh6 21. Qg4 R@g7 22. Qxf4+ exf4 
23. B@g3 fxg3 24. hxg3 N@f3# 
{venomous resigns} 0-1

[Event "fics rated crazyhouse match"]
[Site "fics, Oklahoma City, OK USA"]
[Date "2000.03.11"]
[White "Thufir"]
[WhiteElo "2414"]
[Black "venomous"]
[BlackElo "2429"]
[TimeControl "60+0"]
[Result "1-0"]

1. e4 e6 2. d4 Nc6 3. Nf3 Nf6 4. e5 Ne4 5. Be3 d6 6. exd6 
cxd6 7. Bd3 P@f5 8. O-O Be7 9. Bxe4 fxe4 10. Nfd2 B@f5 11. N@g3 Bf6 
12. Ndxe4 Bxe4 13. Nxe4 N@f5 14. Nxf6+ gxf6 15. B@e4 Rg8 16. P@g3 Nxe3 17. fxe3 
N@g5 18. Bd3 B@d5 19. B@f3 Bxf3 20. Rxf3 Nxf3+ 21. Qxf3 B@g4 22. Qf2 R@d1+ 
23. B@f1 Qb6 24. N@c3 Rxd3 25. Bxd3 B@e7 26. Bxh7 Rh8 27. P@g7 Rf8 28. gxf8=Q+ 
Bxf8 29. R@g8 Qxb2 30. P@g7 Qc1+ 31. N@f1 Kd7 32. gxf8=Q 
{venomous resigns} 1-0

[Event "fics rated crazyhouse match"]
[Site "fics, Oklahoma City, OK USA"]
[Date "2000.03.11"]
[White "Thufir"]
[WhiteElo "2422"]
[Black "spurs"]
[BlackElo "2339"]
[TimeControl "60+0"]
[Result "1-0"]

1. e4 e6 2. Nc3 d5 3. d4 dxe4 4. Nxe4 Nc6 5. Ng3 Be7 6. Nf3 
Nf6 7. Be3 Bd7 8. Be2 Nd5 9. O-O h5 10. c4 Nxe3 11. fxe3 h4 
12. Ne4 P@g4 13. Nfd2 g3 14. hxg3 hxg3 15. P@h3 e5 16. Nxg3 Bxh3 17. gxh3 
Rxh3 18. P@h2 Bh4 19. P@f2 Bxg3 20. fxg3 B@e4 21. Nxe4 exd4 22. B@g4 Rh8 
23. B@d7+ Kf8 24. N@e6+ Kg8 25. Nxd8 Rxd8 26. B@d5 Ne5 27. Bxf7+ Nxf7 28. Bde6 
B@e8 29. P@g6 N@h6 30. gxf7+ Bxf7 31. Bxf7+ Nxf7 32. B@e6 B@e8 33. N@g6 dxe3 
34. Q@f8+ Kh7 35. Bxf7 Bxf7 36. Qxf7 Rxd1 37. N@g5+ Kh6 38. Raxd1 P@f2+ 39. Nxf2 
exf2+ 40. Rxf2 B@e3 41. R@h4+ P@h5 42. Ne4 Bxf2+ 43. Nxf2 P@e3 44. P@g5+ Kxg5 
45. B@f4# 
{spurs checkmated} 1-0

[Event "fics rated crazyhouse match"]
[Site "fics, Oklahoma City, OK USA"]
[Date "2000.03.11"]
[White "venomous"]
[WhiteElo "2421"]
[Black "Thufir"]
[BlackElo "2428"]
[TimeControl "60+0"]
[Result "0-1"]

1. e4 e6 2. d4 Nc6 3. Be3 Nf6 4. Bd3 Be7 5. Nc3 d6 6. Nf3 
O-O 7. O-O Ng4 8. Qe2 Nxe3 9. fxe3 B@g4 10. N@f4 e5 11. dxe5 dxe5 
12. Nfd5 P@d4 13. Nxe7+ Qxe7 14. P@d5 dxc3 15. dxc6 bxc6 16. bxc3 N@h4 17. B@g5 
Nxf3+ 18. gxf3 N@h3+ 19. Kh1 Nxg5 20. fxg4 P@f3 21. Rxf3 Bxg4 22. B@g2 Bxf3 
23. Bxf3 Nxf3 24. Qxf3 N@h4 25. Qg3 P@g2+ 26. Qxg2 Nxg2 27. N@f5 Qg5 28. B@g3 
Nxe3 29. P@g2 Nxf5 30. exf5 P@h3 31. Be4 hxg2+ 32. Bxg2 P@f4 33. N@e4 fxg3 
34. Nxg5 N@f2+ 35. Kg1 gxh2+ 36. Kxf2 Q@h4+ 37. P@g3 Qxg5 38. P@f4 N@g4+ 39. Ke2 
exf4 40. N@e4 R@e3+ 41. Kd1 P@e2+ 42. Kd2 Qxf5 43. N@e7+ Kh8 44. Nxf5 Rad8+ 
45. P@d4 B@f6 46. Nxe3 fxe3+ 47. Kxe2 N@g1+ 48. Kd3 B@e2# 
{venomous checkmated} 0-1

[Event "fics rated crazyhouse match"]
[Site "fics, Oklahoma City, OK USA"]
[Date "2000.03.11"]
[White "spurs"]
[WhiteElo "2333"]
[Black "Thufir"]
[BlackElo "2436"]
[TimeControl "60+0"]
[Result "0-1"]

1. d4 e6 2. Nf3 Nc6 3. Bg5 Nf6 4. Bxf6 gxf6 5. e4 Rg8 6. Bb5 
B@g4 7. Bxc6 dxc6 8. Nc3 B@h5 9. N@d2 Bxf3 10. Nxf3 N@f4 11. B@f1 Nxg2+ 
12. Bxg2 Rxg2 13. e5 Rg6 14. N@e4 B@e7 15. exf6 Bxf6 16. Nxf6+ Qxf6 17. P@e5 
P@d2+ 18. Nxd2 N@g2+ 19. Kf1 P@e2+ 20. Nxe2 Ne3+ 21. Ke1 Bxe2 22. Qxe2 N@g2# 
{spurs checkmated} 0-1

[Event "fics rated crazyhouse match"]
[Site "fics, Oklahoma City, OK USA"]
[Date "2000.03.11"]
[White "Thufir"]
[WhiteElo "2442"]
[Black "venomous"]
[BlackElo "2413"]
[TimeControl "60+0"]
[Result "0-1"]

1. e4 e6 2. d4 Nc6 3. Nc3 Nf6 4. Nf3 Bb4 5. e5 Ne4 6. Bd3 
Nxc3 7. bxc3 Bxc3+ 8. Bd2 Bxd2+ 9. Qxd2 P@c3 10. Qe2 B@d2+ 11. Kf1 N@f4 
12. Qd1 Nxd3 13. cxd3 B@g4 14. B@e2 Bxf3 15. Bxf3 Nxd4 16. N@h5 Rg8 17. B@e4 
P@f5 18. N@f6+ gxf6 19. Nxf6+ Qxf6 20. exf6 N@g6 21. P@e7 Nxe7 22. fxe7 Kxe7 
23. Q@h4+ P@g5 24. Qxh7 fxe4 25. Qxg8 exf3 26. Qxd2 fxg2+ 27. Kxg2 N@h4+ 28. Kh3 
B@f5+ 29. P@g4 B@g2+ 30. Kg3 N@e2# 
{Thufir resigns} 0-1

[Event "fics rated crazyhouse match"]
[Site "fics, Oklahoma City, OK USA"]
[Date "2000.03.11"]
[White "venomous"]
[WhiteElo "2422"]
[Black "spurs"]
[BlackElo "2327"]
[TimeControl "60+0"]
[Result "1-0"]

1. e4 e6 2. d4 d5 3. e5 Ne7 4. Nh3 Nf5 5. Be3 Be7 6. Be2 
O-O 7. O-O Bd7 8. Nc3 Nc6 9. Bg4 Nh4 10. f4 Ng6 11. Qe2 Nh4 
12. Rad1 Bb4 13. a3 Bxc3 14. bxc3 Qe8 15. B@e1 Nf5 16. Bxf5 exf5 17. N@h5 
B@g4 18. Qxg4 fxg4 19. Ng5 f5 20. exf6 Qxh5 21. fxg7 N@e2+ 22. Kf2 Qxg5 
23. Kxe2 Qe7 24. gxf8=Q+ Rxf8 25. B@e5 Nxe5 26. fxe5 Rxf1 27. N@h6+ Kh8 28. R@g8# 
{spurs checkmated} 1-0

[Event "fics rated crazyhouse match"]
[Site "fics, Oklahoma City, OK USA"]
[Date "2000.03.11"]
[White "Thufir"]
[WhiteElo "2433"]
[Black "venomous"]
[BlackElo "2428"]
[TimeControl "60+0"]
[Result "0-1"]

1. e4 e6 2. d4 Nc6 3. Nf3 Nf6 4. e5 Nd5 5. Be2 d6 6. O-O 
dxe5 7. dxe5 P@g4 8. P@c4 gxf3 9. Bxf3 Nxe5 10. cxd5 Nxf3+ 11. Qxf3 exd5 
12. Re1+ P@e6 13. N@e5 P@f5 14. N@g5 B@g6 15. Nxg6 hxg6 16. B@g3 N@d4 17. Qe3 
Nxc2 18. Nxe6 Bxe6 19. Qe2 Nxe1 20. Qxe1 P@c2 21. Nc3 N@d3 22. Qf1 Nxc1 
23. Rxc1 B@e4 24. P@f3 R@d1 25. fxe4 Rxf1+ 26. Rxf1 fxe4 27. B@f4 P@f3 28. N@e3 
fxg2 29. Nxg2 N@f3+ 30. Kh1 Bh3 31. N@e3 Bxg2+ 32. Nxg2 P@h3 33. R@g1 hxg2+ 
34. Rxg2 N@g4 35. B@e3 Ngxh2 36. Bxh2 P@h3 37. Rg3 Nxh2 38. Kxh2 N@f3# 
{Thufir forfeits on time} 0-1

[Event "fics rated crazyhouse match"]
[Site "fics, Oklahoma City, OK USA"]
[Date "2000.03.11"]
[White "venomous"]
[WhiteElo "2436"]
[Black "spurs"]
[BlackElo "2321"]
[TimeControl "60+0"]
[Result "1-0"]

1. e4 e6 2. d4 d5 3. e5 Bb4+ 4. Bd2 Bxd2+ 5. Nxd2 Nh6 6. Nh3 
Qh4 7. B@g5 Qxd4 8. Bxh6 gxh6 9. N@f6+ Kd8 10. Nf3 Qxb2 11. Bd3 P@g7 
12. Nxh7 B@c3+ 13. P@d2 Qxa1 14. dxc3 Qxd1+ 15. Kxd1 R@b1+ 16. B@c1 Rxc1+ 17. Kxc1 
B@a3+ 18. Kd2 B@c1+ 19. Rxc1 Bxc1+ 20. Kxc1 Q@a1+ 21. Kd2 R@d1+ 22. Ke2 Rxh7 
23. Q@g8+ Ke7 24. B@d8+ Kd7 25. R@e7+ Kc6 26. B@b5+ Kb6 27. Bxc7+ Kc5 28. Bd6+ 
Kb6 29. Qd8+ P@c7 30. Qxc7# 
{spurs checkmated} 1-0

[Event "fics rated crazyhouse match"]
[Site "fics, Oklahoma City, OK USA"]
[Date "2000.03.11"]
[White "venomous"]
[WhiteElo "2441"]
[Black "Thufir"]
[BlackElo "2425"]
[TimeControl "60+0"]
[Result "1-0"]

1. e4 e6 2. d4 Nc6 3. Be3 Nf6 4. Bd3 Be7 5. Nc3 d6 6. Nf3 
Ng4 7. O-O O-O 8. Qe2 Nxe3 9. fxe3 B@g4 10. d5 Ne5 11. Nxe5 Bxe2 
12. Nxe2 dxe5 13. dxe6 Bxe6 14. P@f5 Bd7 15. N@g4 Bf6 16. Nxf6+ Qxf6 17. N@g4 
Qg5 18. B@f3 P@h3 19. gxh3 N@h4 20. B@g2 Nxf3+ 21. Rxf3 B@b6 22. P@g3 N@h6 
23. Nxh6+ Qxh6 24. N@g4 Qg5 25. N@d5 Bc6 26. Nxb6 axb6 27. B@h4 Qh6 28. f6 
Qg6 29. Nxe5 gxf6 30. Nxg6 fxg6 31. Bxf6 Rxf6 32. Rxf6 Q@g7 33. P@f7+ Kf8 
34. R@g8+ Qxg8 35. fxg8=Q+ Kxg8 36. Q@f7+ Kh8 37. Q@g7# 
{Thufir checkmated} 1-0

[Event "fics rated crazyhouse match"]
[Site "fics, Oklahoma City, OK USA"]
[Date "2000.03.11"]
[White "Thufir"]
[WhiteElo "2417"]
[Black "dovijanic"]
[BlackElo "2145"]
[TimeControl "60+0"]
[Result "1-0"]

1. e4 e6 2. Nc3 b6 3. d4 Bb7 4. Bd3 Nf6 5. f3 Nc6 6. Be3 
d5 7. exd5 Nxd5 8. Nxd5 Qxd5 9. P@e4 Qd7 10. Bb5 a6 11. Bxc6 Qxc6 
12. N@e5 Qb5 13. N@c4 P@f6 14. a4 Qb4+ 15. Bd2 Qe7 16. Nd3 Rd8 17. Bc3 
N@c6 18. Ne2 h5 19. O-O h4 20. Qe1 h3 21. gxh3 Rxh3 22. P@g2 Rh8 
23. a5 b5 24. Nd2 P@c4 25. Ndc1 b4 26. Nxc4 bxc3 27. bxc3 B@b5 28. Ne3 
Bxe2 29. Nxe2 B@g5 30. B@d3 Bxe3+ 31. P@f2 Bg5 32. f4 
{dovijanic forfeits on time} 1-0

[Event "fics rated crazyhouse match"]
[Site "fics, Oklahoma City, OK USA"]
[Date "2000.03.11"]
[White "dovijanic"]
[WhiteElo "2142"]
[Black "Thufir"]
[BlackElo "2420"]
[TimeControl "60+0"]
[Result "0-1"]

1. e4 e6 2. Nc3 Nc6 3. d4 Nf6 4. Bg5 Be7 5. Bd3 Nxd4 6. e5 
Nd5 7. Bxe7 Qxe7 8. Nxd5 exd5 9. B@e3 Qxe5 10. N@f3 Nxf3+ 11. Nxf3 Qe7 
12. O-O d6 13. Re1 P@e4 14. Bg5 f6 15. Bb5+ P@c6 16. Qxd5 cxb5 17. Rxe4 
N@e2+ 18. Rxe2 Qxe2 19. P@f7+ Kd8 20. P@e3 B@e6 
{dovijanic forfeits on time} 0-1

[Event "fics rated crazyhouse match"]
[Site "fics, Oklahoma City, OK USA"]
[Date "2000.03.11"]
[White "Kingwalker"]
[WhiteElo "2278"]
[Black "Nathaniel"]
[BlackElo "2163"]
[TimeControl "180+0"]
[Result "1-0"]

1. e4 e6 2. d4 d5 3. e5 Ne7 4. Be3 Ng6 5. Bd3 Nc6 6. Nd2 
Ngxe5 7. dxe5 Nxe5 8. Ngf3 Nxf3+ 9. gxf3 N@g2+ 10. Kf1 P@h3 11. Rg1 e5 
12. N@g5 P@f4 13. Nxf7 Kxf7 14. c4 Nxe3+ 15. fxe3 B@g2+ 16. Rxg2 hxg2+ 17. Kxg2 
Qg5+ 18. P@g3 fxe3 19. cxd5 N@f4+ 20. Kg1 P@f2+ 21. Kh1 R@g1+ 22. Qxg1 fxg1=Q+ 
23. Rxg1 Nxd3 24. P@e6+ Ke7 25. R@f7+ Kd8 26. Ne4 Qg6 27. B@h4+ B@e7 28. P@d6 
cxd6 29. Bxe7+ Bxe7 30. P@c7+ Kxc7 31. Rxe7+ P@d7 32. B@a3 P@h3 33. Bxd6+ Kb6 
34. N@c4+ Ka6 35. P@b5+ Kxb5 36. N@a3+ Ka6 37. B@b5# 
{Nathaniel checkmated} 1-0

[Event "fics rated crazyhouse match"]
[Site "fics, Oklahoma City, OK USA"]
[Date "2000.03.11"]
[White "Nathaniel"]
[WhiteElo "2158"]
[Black "Kingwalker"]
[BlackElo "2283"]
[TimeControl "180+0"]
[Result "1-0"]

1. e4 e6 2. d4 a6 3. f4 b5 4. Nf3 Bb7 5. Bd3 d6 6. Nc3 
Nf6 7. O-O b4 8. Na4 Nxe4 9. Be3 P@f5 10. Bxe4 fxe4 11. Ng5 B@b5 
12. b3 Bxf1 13. Qxf1 Qd7 14. N@a5 Bd5 15. c4 bxc3 16. Nxc3 h6 17. Ngxe4 
Bxe4 18. Nxe4 R@b5 19. B@a4 N@c2 20. Bxb5 axb5 21. P@b7 Rxa5 22. R@c8+ B@d8 
23. B@d2 Nxe3 24. Bxe3 Be7 25. Rxb8 O-O 26. Ra8 Rxa8 27. bxa8=Q B@c6 28. Qxc6 
Qxc6 29. B@f3 P@g4 30. Nf6+ Bxf6 31. Bxc6 R@c2 32. Be4 Rxg2+ 33. Qxg2 P@f5 
34. N@d7 fxe4 35. P@h7+ Kh8 36. Nxf8 N@e7 37. R@g8+ Nxg8 38. hxg8=Q+ Kxg8 39. R@h8# 
{Kingwalker resigns} 1-0

[Event "fics rated crazyhouse match"]
[Site "fics, Oklahoma City, OK USA"]
[Date "2000.03.11"]
[White "Kingwalker"]
[WhiteElo "2272"]
[Black "Nathaniel"]
[BlackElo "2169"]
[TimeControl "180+0"]
[Result "1-0"]

1. e4 e6 2. d4 Nf6 3. Bd3 Nc6 4. Be3 d5 5. e5 Nd7 6. f4 
Nb6 7. Nh3 Nb4 8. O-O Nxd3 9. cxd3 B@f5 10. Ng5 Be7 11. Nc3 h6 
12. Nxf7 Kxf7 13. g4 Bg6 14. f5 exf5 15. P@h5 N@h3+ 16. Kh1 Ke8 17. hxg6 
Be6 18. gxf5 Bxf5 19. Rxf5 Ng5 20. Bxg5 Bxg5 21. Qf1 Qe7 22. B@f7+ Kd8 
23. P@d6 cxd6 24. exd6 Qxd6 25. B@e5 Qd7 26. P@c7+ Kc8 27. N@c5 Qe7 28. N@d6+ 
Qxd6 29. Bxd6 N@c6 30. Nxd5 P@d7 31. Nxb6+ axb6 32. N@a7+ Nxa7 33. Q@b8+ Rxb8 
34. cxb8=Q# 
{Nathaniel checkmated} 1-0

[Event "fics rated crazyhouse match"]
[Site "fics, Oklahoma City, OK USA"]
[Date "2000.03.11"]
[White "Nathaniel"]
[WhiteElo "2163"]
[Black "Kingwalker"]
[BlackElo "2278"]
[TimeControl "180+0"]
[Result "1-0"]

1. e4 e6 2. d4 a6 3. Nc3 b5 4. f3 Bb7 5. Be3 d6 6. Bd3 
Ne7 7. Nge2 Ng6 8. O-O b4 9. Na4 Bc6 10. b3 Nd7 11. c4 bxc3 
12. Nexc3 P@b5 13. Nb2 h5 14. d5 Bb7 15. P@c6 Bc8 16. dxe6 fxe6 17. P@b7 
Bxb7 18. cxb7 Rb8 19. B@c6 h4 20. Nxb5 axb5 21. Bdxb5 Ne5 22. P@a7 Rxb7 
23. Bxb7 P@g3 24. Bxd7+ Qxd7 25. a8=Q+ Kf7 26. N@g5+ Kg6 27. Nh3 gxh2+ 28. Kxh2 
B@g3+ 29. Kh1 P@f4 30. Bd4 P@f6 31. P@f2 Bxf2 32. Bxf2 N@g3+ 33. Bxg3 hxg3 
34. Qxf8 Rxh3+ 35. gxh3 N@h4 36. N@h8+ Kh6 37. Rg1 P@h2 38. Rg2 Nxg2 39. P@g5+ 
fxg5 40. Nf7+ Qxf7 41. Qh8+ P@h7 42. R@h5+ Qxh5 43. B@g4 N@f2+ 44. Kxg2 h1=Q+ 
45. Qxh1 R@h2+ 46. Qxh2 Nexg4 47. hxg4 
{Kingwalker forfeits on time} 1-0

[Event "fics rated crazyhouse match"]
[Site "fics, Oklahoma City, OK USA"]
[Date "2000.03.11"]
[White "Kingwalker"]
[WhiteElo "2267"]
[Black "Nathaniel"]
[BlackElo "2174"]
[TimeControl "180+0"]
[Result "0-1"]

1. e4 e5 2. Nf3 Nf6 3. Bc4 Bc5 4. d3 O-O 5. c3 Nc6 6. b4 
Bb6 7. a4 a5 8. b5 Ne7 9. Nxe5 d6 10. Nxf7 Rxf7 11. Bxf7+ Kxf7 
12. Be3 Bxe3 13. fxe3 Ng6 14. P@f5 Nh4 15. Qe2 B@h5 16. B@b3+ Ke7 17. Qxh5 
Nxh5 18. R@f7+ Ke8 19. B@f2 Nxg2+ 20. Kd2 B@g4 21. P@e2 P@f4 22. exf4 Ngxf4 
23. Rg1 Bxe2 24. Rgxg7 N@f3+ 25. Ke3 Ng2+ 26. Kxe2 Nhf4+ 27. Kd1 P@e2+ 28. Kc2 
Nge1+ 29. Bxe1 Nxe1+ 30. Kd2 Nf3+ 31. Ke3 e1=Q+ 32. Kxf4 B@g5+ 33. Kxf3 Q@f4+ 
34. Kg2 Qef2+ 35. Kh3 Q4xh2+ 36. Kg4 Qff4# 
{Kingwalker checkmated} 0-1

[Event "fics rated crazyhouse match"]
[Site "fics, Oklahoma City, OK USA"]
[Date "2000.03.11"]
[White "Eyefor"]
[WhiteElo "2349"]
[Black "Lomboc"]
[BlackElo "2195"]
[TimeControl "60+0"]
[Result "1-0"]

1. e4 d5 2. exd5 Qxd5 3. Nf3 Qd8 4. d3 e6 5. P@e5 Be7 6. Nc3 
P@d6 7. exd6 cxd6 8. P@e5 dxe5 9. Nxe5 P@f6 10. Nc4 Nc6 11. P@e4 P@c7 
12. Be3 e5 13. Nd5 Be6 14. Nxc7+ Qxc7 15. P@d5 Nd4 16. Bxd4 exd4 17. dxe6 
fxe6 18. N@b5 Qc6 19. Nxd4 Qc8 20. B@a4+ P@c6 21. Qg4 B@d7 22. Qxg7 N@f7 
23. Qxf7+ Kxf7 24. N@d6+ Bxd6 25. Nxd6+ Ke7 26. Nxc8+ Rxc8 27. Q@g7+ Q@f7 28. Qxh8 
N@g6 29. B@c5+ N@d6 30. Bxd6+ Kxd6 31. P@g7 Nxh8 32. gxh8=N Qg7 33. N@c4+ Ke7 
34. R@f7+ Qxf7 35. Nxf7 Kxf7 36. N@d6+ Ke7 37. Q@f7+ Kd8 38. Nxe6# 
{Lomboc resigns} 1-0

[Event "fics rated crazyhouse match"]
[Site "fics, Oklahoma City, OK USA"]
[Date "2000.03.11"]
[White "Lomboc"]
[WhiteElo "2190"]
[Black "Eyefor"]
[BlackElo "2354"]
[TimeControl "60+0"]
[Result "1-0"]

1. e4 e6 2. Nc3 Nc6 3. d4 Nf6 4. Nf3 d5 5. Bg5 dxe4 6. Nxe4 
P@g4 7. Bxf6 gxf6 8. Nxf6+ Qxf6 9. P@e5 B@b4+ 10. c3 Qg7 11. N@f6+ Kd8 
12. d5 exd5 13. Qxd5+ N@d7 14. cxb4 gxf3 15. Nxd7 Bxb4+ 16. P@c3 Bxc3+ 17. bxc3 
N@c2+ 18. Kd2 Bxd7 19. B@f6+ Qxf6 20. exf6 Nxa1 21. P@e7+ Kc8 22. Qxd7+ Kxd7 
23. N@c5+ Kc8 24. B@g4+ N@e6 25. Bxe6+ fxe6 26. B@d7+ Kb8 27. N@a6+ bxa6 28. Q@b7# 
{Eyefor checkmated} 1-0

[Event "fics rated crazyhouse match"]
[Site "fics, Oklahoma City, OK USA"]
[Date "2000.03.12"]
[White "Lomboc"]
[WhiteElo "2197"]
[Black "Eyefor"]
[BlackElo "2347"]
[TimeControl "60+0"]
[Result "0-1"]

1. e4 e6 2. d4 Nf6 3. e5 Nd5 4. Nc3 Nxc3 5. bxc3 N@e4 6. Bd2 
Nxd2 7. Qxd2 d6 8. Nf3 dxe5 9. Nxe5 P@b2 10. Rb1 Ba3 11. Nxf7 Kxf7 
12. N@e5+ Ke7 13. N@f7 N@e4 14. Nxd8 Nxd2 15. Nxb7 Q@c1+ 16. Q@d1 Nxb1 17. Be2 
Qxd1+ 18. Bxd1 Q@d2# 
{Lomboc resigns} 0-1

[Event "fics rated crazyhouse match"]
[Site "fics, Oklahoma City, OK USA"]
[Date "2000.03.12"]
[White "Eyefor"]
[WhiteElo "2352"]
[Black "Lomboc"]
[BlackElo "2192"]
[TimeControl "60+0"]
[Result "1-0"]

1. e4 d6 2. d4 Nf6 3. Nc3 Nc6 4. d5 Ne5 5. Nf3 Nxf3+ 6. gxf3 
e6 7. Bb5+ Bd7 8. Bxd7+ Qxd7 9. B@a4 c6 10. dxe6 fxe6 11. N@f4 P@f7 
12. P@g5 Ng8 13. h3 B@e5 14. Nd3 Bxc3+ 15. bxc3 N@g2+ 16. Kf1 Nh4 17. B@g3 
Ng6 18. Bb3 Rd8 19. Qe2 N@e5 20. Nxe5 dxe5 21. N@d3 N@c5 22. Nxe5 Nxe5 
23. Bxe5 Qd1+ 24. Qxd1 Rxd1+ 25. N@e1 Q@d7 26. Q@a8+ N@c8 27. P@c7 Bd6 28. Bxg7 
Ne7 29. Qxc8+ Qxc8 30. N@f6# 
{Lomboc checkmated} 1-0

[Event "fics rated crazyhouse match"]
[Site "fics, Oklahoma City, OK USA"]
[Date "2000.03.12"]
[White "Lomboc"]
[WhiteElo "2187"]
[Black "Eyefor"]
[BlackElo "2357"]
[TimeControl "60+0"]
[Result "0-1"]

1. e4 e6 2. Nc3 Nc6 3. d4 Bb4 4. Nf3 Nf6 5. Bd3 d6 6. Bg5 
Bxc3+ 7. bxc3 N@b2 8. Qd2 e5 9. d5 Nxd3+ 10. cxd3 Na5 11. O-O h6 
12. Bxf6 Qxf6 13. N@h5 Qg6 14. Ng3 B@f4 15. Qe2 B@d7 16. B@f5 Bxf5 17. exf5 
Bxf5 18. Nxf5 Qxf5 19. N@h4 Qg4 20. B@f5 Qh5 21. B@g4 Bxh2+ 22. Nxh2 Qxh4 
23. B@g3 Qe7 24. Nf3 N@f6 25. Bh4 N@f4 26. Bxf6 Nxe2+ 27. Kh1 gxf6 28. N@e4 
Nf4 29. Bh3 Nxd5 30. Rab1 P@e6 31. Rb5 P@e2 32. Re1 exf5 33. Bxf5 Q@f1+ 
34. Ng1 Qxe1 35. Rxd5 Qxg1+ 36. Kxg1 e1=Q+ 37. N@f1 N@e2+ 38. Kh2 R@h5+ 39. Bh3 
Rxh3+ 40. gxh3 Nxc3 
{Lomboc forfeits on time} 0-1

[Event "fics rated crazyhouse match"]
[Site "fics, Oklahoma City, OK USA"]
[Date "2000.03.12"]
[White "Eyefor"]
[WhiteElo "2361"]
[Black "Lomboc"]
[BlackElo "2183"]
[TimeControl "60+0"]
[Result "0-1"]

1. e4 d6 2. d4 e5 3. dxe5 dxe5 4. Qxd8+ Kxd8 5. Q@d5+ Q@d7 6. Qxe5 
Nc6 7. Qb5 a6 8. Qd3 Nf6 9. Nc3 Ne5 10. Qxd7+ Bxd7 11. P@g5 Nfg4 
12. Nf3 Nxf3+ 13. gxf3 Nxf2 14. N@e5 Nxh1 15. Nxf7+ Ke8 16. Q@e5+ R@e6 17. Qd4 
P@f2+ 18. Qxf2 Nxf2 19. Nxh8 Bb4 20. R@g8+ Ke7 21. Rxg7+ Kd8 22. Nf7+ Kc8 
23. Rg8+ N@e8 24. Kxf2 Bxc3 25. bxc3 N@h1+ 26. Ke2 Q@f2+ 27. Kd3 Bb5+ 28. P@c4 
Bxc4+ 29. Kxc4 Q@b5# 
{Eyefor checkmated} 0-1

[Event "fics rated crazyhouse match"]
[Site "fics, Oklahoma City, OK USA"]
[Date "2000.03.12"]
[White "Lomboc"]
[WhiteElo "2195"]
[Black "Eyefor"]
[BlackElo "2349"]
[TimeControl "60+0"]
[Result "0-1"]

1. e4 e6 2. c3 Nc6 3. d4 Nf6 4. e5 Ne4 5. Bd3 d5 6. exd6 
Nxf2 7. Kxf2 Bxd6 8. P@f3 Qh4+ 9. Kf1 Bxh2 10. Nh3 Bd6 11. Nd2 P@h2 
12. Ne4 Qe7 13. N@h5 Rg8 14. Nxd6+ Qxd6 15. Bxh7 P@g6 16. Bxg8 gxh5 17. Bxf7+ 
Kxf7 18. Ng5+ Ke7 19. P@f2 B@b5+ 20. B@e2 Bxe2+ 21. Qxe2 P@h3 22. gxh3 B@a6 
23. P@d3 Nxd4 24. cxd4 P@g2+ 25. Kxg2 N@f5 26. R@f7+ Kd8 27. P@e7+ Ke8 28. Rf8+ 
Kxe7 29. Rf7+ Ke8 30. Rxf5 N@h4+ 31. Kf1 P@g2+ 32. Ke1 gxh1=R+ 33. Kd2 R@d1+ 
34. Kc2 Rxc1+ 35. Rxc1 Rxc1+ 36. Kxc1 h1=Q+ 37. R@e1 Qxe1+ 38. Qxe1 R@a1# 
{Lomboc forfeits on time} 0-1